 Dungeon Crawl Stone Soup version 0.27.1-34-g3ba077fa99 (webtiles) character file.

Game seed: 6663580316758879389

28 comborobin the Sneak (level 3, -8/33 HPs)
             Began as a Hill Orc Delver on Jan 6, 2022.
             Mangled by Prince Ribbit (14 damage)
             ... on level 4 of the Dungeon.
             The game lasted 00:00:53 (134 turns).

comborobin the Sneak (Hill Orc Delver)               Turns: 134, Time: 00:00:54

Health: -8/33      AC:  3    Str: 15    XL:     3   Next: 12%
Magic:  3/3        EV: 11    Int: 10    God:
Gold:   0          SH:  0    Dex: 12    Spells: 2/2 levels left

rFire    . . .     SeeInvis .   a - +0 hand axe
rCold    . . .     Faith    .   (no shield)
rNeg     . . .     Spirit   .   b - +0 leather armour
rPois    .         Reflect  .   (no helmet)
rElec    .         Harm     .   (no cloak)
rCorr    .         Rampage  .   (no gloves)
Will     .....                  (no boots)
Stlth    ++........             (no amulet)
HPRegen  0.11/turn              (no ring)
MPRegen  0.08/turn              (no ring)

@: no status effects
A: no striking features
a: no special abilities


You were on level 4 of the Dungeon.
You visited 1 branch of the dungeon, and saw 2 of its levels.

Inventory:

Hand Weapons
 a - a +0 hand axe (weapon)
Armour
 b - a +0 leather armour (worn)
 d - a +0 helmet
Wands
 g - a wand of digging (3)


   Skills:
 + Level 3.9 Fighting
 + Level 2.8 Axes
 + Level 1.6 Dodging
 + Level 4.7 Stealth


You had 2 spell levels left.
You didn't know any spells.
Your spell library was empty.

Dungeon Overview and Level Annotations

Branches:
Dungeon (5/15)
 Temple: D:4-7

Altars:

Annotations:
D:4 Prince Ribbit


Message History

Prince Ribbit blinks!
There is an open door here.
The adder barely misses you.
Prince Ribbit blinks!
You hear the slow rusting of a distant drain.
The adder barely misses you. Prince Ribbit hits you!
Found a stone staircase leading up.
Prince Ribbit blinks!
Prince Ribbit barely misses you. Prince Ribbit hits you.
Prince Ribbit hits you.
Prince Ribbit hits you but does no damage.
There is a stone staircase leading up here.
Prince Ribbit closely misses you.
You climb upwards.
The orc shouts!
Found a stone staircase leading up.
There is a stone staircase leading down here.
An orc, an orc priest and an orc wizard come into view.
The orc is wielding a +2 dagger of venom.
The orc shouts!
The orc wizard shouts!
The orc priest shouts!
The orc priest shouts, "Surrender to Beogh and we'll let you live!" (press Y on the ability menu to convert to Beogh)
The goblin shouts!
Prince Ribbit hits you.
You hear a shout! x2
The orc shouts!
You hear a shout!
An orc comes into view. It is wielding a +0 whip.
The goblin barely misses you.
Prince Ribbit croaks regally.
An orc comes into view. It is wielding a +0 mace.
An orc comes into view. It is wielding a +0 short sword.
The orc closely misses you. Prince Ribbit hits you.
* * * LOW HITPOINT WARNING * * *
The goblin barely misses you. The orc hits you with a +0 club.
* * * LOW HITPOINT WARNING * * *
Unknown command.
Prince Ribbit hits you!
You die...

#o########.
#..<.......
#######o.>#
.......o..####.
##.............
###....o...####.#
.........g......
..#.....Fo.#####
##....@o.oo...
#.....#######
....###.# #.###
#.# # #+#


You could see Prince Ribbit, an orc wizard, 6 orcs and a goblin.

Vanquished Creatures
  A centaur skeleton (D:5)
1 creature vanquished.

Notes
Turn   | Place    | Note
-------+----------+-------------------------------------------
     0 | D:5      | comborobin the Hill Orc Delver began the quest for the Orb.
     0 | D:5      | Reached XP level 1. HP: 19/19 MP: 1/1
     8 | D:5      | Noticed Prince Ribbit
    13 | D:5      | Noticed an iguana
    28 | D:5      | Reached XP level 2. HP: 8/27 MP: 2/2
    28 | D:5      | Reached XP level 3. HP: 9/33 MP: 3/3
   109 | D:5      | Noticed an ogre
   134 | D:4      | Mangled by Prince Ribbit

Illustrated notes

Levels and vault maps discovered:
D:4:      layout_loops_corners, nicolae_yredelemnul_corpse_copse,
          nicolae_tso_besieged_by_evil, nicolae_qazlal_style_of_elements,
          minmay_temple_entry_antechambers
D:5:      layout_basic, nzn_wu_jian_contemplation,
          nicolae_gozag_cash_rules_everything_around_me, portal_sewer_entry_d,
          hex_intersection, uniq_crazy_yiuf_cottage, uniq_menkaure,
          uniq_prince_ribbit1

Action                   || total
-------------------------++-------
Melee: Hand axe          ||     5
  Use: Scroll            ||     4
       Potion            ||     2
Armor: Leather armour    ||     6
Dodge: Dodged            ||    24
